 Dungeon Crawl Stone Soup version 0.23.2-1-ga50397a (webtiles) character file.

Game seed: 11077440460587216898

323 kae the Changer (level 6, -4/43 HPs)
             Began as a Demonspawn Transmuter on May 8, 2019.
             Was an Initiate of Ru.
             Slain by a killer bee (6 damage)
             ... on level 3 of the Dungeon.
             The game lasted 00:04:39 (3365 turns).

kae the Changer (Demonspawn Transmuter)             Turns: 3365, Time: 00:04:40

Health: -4/43      AC:  4    Str: 16    XL:     6   Next: 23%
Magic:  9/9        EV: 12    Int: 19    God:    Ru [......]
Gold:   122        SH:  0    Dex: 15    Spells: 3/9 levels left

rFire    . . .     SeeInvis .   f - +2 mace (protect)
rCold    . . .     Gourm    .   (no shield)
rNeg     . . .     Faith    .   b - +0 robe
rPois    .         Spirit   .   (no helmet)
rElec    .         Reflect  .   n - +1 cloak
rCorr    .         Harm     .   (no gloves)
MR       .....                  (no boots)
Stlth    +.........             l - amulet of inaccuracy (curse)
HPRegen  0.14/turn              (no ring)
MPRegen  0.11/turn              (no ring)

@: mighty, brilliant
A: hooves 1, demonic guardian 1, powered by pain 2
a: Renounce Religion


You were on level 3 of the Dungeon.
You worshipped Ru.
Ru was noncommittal.
You were very hungry.

You visited 1 branch of the dungeon, and saw 3 of its levels.

You collected 122 gold pieces.

Inventory:

Hand Weapons
 f - a +2 mace of protection (weapon)
Missiles
 a - 68 arrows
Armour
 b - a +0 robe (worn)
 n - a +1 cloak (worn)
Jewellery
 l - a cursed amulet of inaccuracy (around neck)
Scrolls
 h - a scroll of noise
 i - a scroll of teleportation
Potions
 c - a potion of haste
 g - a potion of degeneration
 m - a potion of lignification {unknown}
 o - a potion of might {unknown}
 p - a potion of berserk rage {unknown}
 r - a potion of mutation {unknown}
Comestibles
 d - a ration


   Skills:
 - Level 1.0 Fighting
 - Level 1.7 Dodging
 - Level 2.6 Unarmed Combat
 - Level 2.0 Spellcasting
 + Level 6.1 Transmutations


You had 3 spell levels left.
You knew the following spells:

 Your Spells              Type           Power        Failure   Level  Hunger
a - Beastly Appendage     Tmut           #####.       1%          1    #......
b - Sticks to Snakes      Tmut           #####...     1%          2    ###....
c - Spider Form           Tmut/Pois      ###.......   1%          3    ###....

Your spell library contained the following spells:

 Spells                   Type           Power        Failure   Level  Hunger
 Blade Hands              Tmut           #####.....   4%          5    ######.
 Ice Form                 Ice/Tmut       ###.....     5%          4    #####..


Dungeon Overview and Level Annotations

Branches:
Dungeon (3/15)

Altars:
Okawaru
Ru
Wu Jian
Xom
Zin


Innate Abilities, Weirdness & Mutations

You have large cloven feet.
A weak demonic guardian rushes to your aid.
You sometimes gain power by taking damage.


Message History

Your kick misses the killer bee.
The killer bee is moderately wounded.
Your ufetubus disappears in a puff of smoke!
The killer bee barely misses you. The killer bee stings you.
* * * LOW HITPOINT WARNING * * *
You miss the killer bee. Your kick misses the killer bee.
The killer bee is moderately wounded.
The killer bee closely misses you. The killer bee barely misses you.
The killer bee misses you.
Unknown command.
Unknown command.
Unknown command.
Unknown command.
It was a potion of brilliance.
You feel clever all of a sudden. The killer bee completely misses you.
The killer bee barely misses you.
You miss the killer bee.
The killer bee is moderately wounded.
The killer bee stings you.
You die...

................#.##..###........
.....>#.##.##................####
......#.##.....##..#.#.##....#
......#.######.###.#.#. ##....#
......#.# #.........#.# ##...#
......#.# #.#.........# #.....
......#.# #.###.#.###.# #.....
......#.# # #.# # ##+#### #@# #y#
#†# #y.........# y......%#####
.#..###.# #. #.# # ###


You could see a killer bee.

Vanquished Creatures
  5 killer bees (D:3)
  An orc wizard (D:3)
  3 adders (D:2)
  An ooze (D:2)
  A worm (D:2)
  A dart slug (D:1)
  A leopard gecko (D:1)
  5 orcs (D:3)
  A giant cockroach (D:1)
  5 goblins
  5 hobgoblins
  3 jackals (D:1)
  2 quokkas (D:2)
  12 bats
  5 frilled lizards
  6 kobolds
  A quokka skeleton (D:2)
  10 rats
68 creatures vanquished.

Vanquished Creatures (collateral kills)
  An orc wizard (D:3)
  2 orcs (D:3)
3 creatures vanquished.

Grand Total: 71 creatures vanquished

Notes
Turn   | Place    | Note
-------+----------+-------------------------------------------
     0 | D:1      | kae the Demonspawn Transmuter began the quest for the Orb.
     0 | D:1      | Reached XP level 1. HP: 15/15 MP: 3/3
   168 | D:1      | Reached skill level 2 in Transmutations
   616 | D:1      | Lost mutation: You have claws for feet. [demonic ancestry]
   616 | D:1      | Lost mutation: You have razor-sharp toenails. [demonic
                  | ancestry]
   616 | D:1      | Lost mutation: You have sharp toenails. [demonic ancestry]
   616 | D:1      | Gained mutation: You have large cloven feet. [demonic
                  | ancestry]
   616 | D:1      | Reached XP level 2. HP: 8/21 MP: 3/5
   872 | D:1      | Learned a level 2 spell: Sticks to Snakes
   983 | D:1      | Reached skill level 3 in Transmutations
  1153 | D:1      | Gained mutation: A weak demonic guardian rushes to your
                  | aid. [demonic ancestry]
  1153 | D:1      | Reached XP level 3. HP: 19/26 MP: 6/6
  1539 | D:2      | Found a sacrificial altar of Ru.
  1539 | D:2      | Found a shimmering altar of Xom.
  1542 | D:2      | Found an ornate altar of the Wu Jian Council.
  1556 | D:2      | Became a worshipper of Ru the Awakened
  1870 | D:2      | Learned a level 3 spell: Spider Form
  2312 | D:2      | Reached skill level 4 in Transmutations
  2312 | D:2      | Gained mutation: You sometimes gain a little power by
                  | taking damage. [demonic ancestry]
  2312 | D:2      | Reached XP level 4. HP: 22/32 MP: 7/7
  2810 | D:3      | Found a glowing silver altar of Zin.
  2824 | D:3      | Found an iron altar of Okawaru.
  3176 | D:3      | Reached XP level 5. HP: 33/37 MP: 5/8
  3319 | D:3      | Reached skill level 5 in Transmutations
  3343 | D:3      | Gained mutation: You sometimes gain power by taking damage.
                  | [demonic ancestry]
  3343 | D:3      | Reached XP level 6. HP: 19/43 MP: 5/9
  3358 | D:3      | Reached skill level 6 in Transmutations
  3362 | D:3      | HP: 2/43 [killer bee (2)]
  3365 | D:3      | Slain by a killer bee

Skill      XL: |  1  2  3  4  5  6 |
---------------+-------------------+-----
Transmutations | 2 3 4 5 6 |  6.1
Fighting       | |  1.0
Dodging        | |  1.7
Unarmed Combat | |  2.6
Spellcasting   | |  2.0

Action                   |  1- 3 |  4- 6 || total
-------------------------+-------+-------++-------
Melee: Unarmed           |    48 |    56 ||   104
       Mace              |    99 |    26 ||   125
       Headbutt          |     5 |       ||     5
       Kick              |    14 |     6 ||    20
       Punch             |     1 |     1 ||     2
 Cast: Beastly Appendage |     9 |       ||     9
       Spider Form       |     1 |     6 ||     7
Invok: Reject Sacrifices |       |     1 ||     1
  Use: Scroll            |     2 |     4 ||     6
       Potion            |       |     4 ||     4
  Eat: Chunk             |     5 |     3 ||     8
Armor: Robe              |    63 |     4 ||    67
       Skin              |     2 |     3 ||     5
Dodge: Dodged            |   127 |    84 ||   211
